cohdb
Replays
Latest Replays
All Replays
Popular Replays
Top Player Replays
Match Explorer
How It Works
Community
CoH3 Stats
Reddit
Sign in to upload your games and track your stats! →
Sign in with Steam
Match 42495642
Unlisted
Match 42495642
Overview
Messages
Build Orders
End
Construct Infanterie Kompanie
Selects Italian Coastal Battlegroup
Selects Coastal Reserves
Coastal Reserve
GrW 34 Mortar Team
Grenadier Squad
Grenadier Squad
Construct Luftwaffe Kompanie
Medical Bunker
Selects Designate Defensive Line
Flak 30 Anti-aircraft Gun Team
Support Elements
Selects Rapid Fortifications
Selects Call the Reserves!
Rapid Fortifications
Wirbelwind Flakpanzer
MG 42 Bunker
Selects Artillery Officer
Designate Defensive Line
Jäger Squad
Jäger Squad
Pioneer Squad
Pioneer Squad
Selects Coastal Wall
Rapid Fortifications
Medical Bunker
MG 42 Bunker
Marder III M Tank Destroyer
Construct Panzergrenadier Kompanie
Rapid Fortifications
MG 42 Bunker
Marder III M Tank Destroyer
Coastal Reserve
Kettenkrad Recon Vehicle
Designate Defensive Line
Rapid Fortifications
Medical Bunker
MG 42 Bunker
Construct Panzer Kompanie
iceman
warter
Lulu
JayS
Goku Black
Worcestershire Sauce
Annatar
Agent Smith
0
0
Comments
sign in to comment!
No comments posted yet!